 Dungeon Crawl Stone Soup version 0.30-a0-1112-gfb780f5df6 (webtiles) character file.

Game seed: 2627300983153855140

8229 senseless the Fighter (level 11, -1/123 HPs)
             Began as an Ogre Cinder Acolyte on Apr 19, 2023.
             Was a Priest of Ignis.
             Slain by an entropy weaver (shapeshifter) (12 damage)
             ... on level 9 of the Dungeon.
             The game lasted 00:35:03 (13483 turns).

senseless the Fighter (Ogre Cinder Acolyte)        Turns: 13483, Time: 00:35:04

Health: -1/123     AC:  5    Str: 26    XL:     11   Next: 27%
Magic:  7/24       EV: 14    Int: 24    God:    Ignis [***...]
Gold:   561        SH:  0    Dex: 12    Spells: 26/28 levels left

rFire   + . .      SeeInvis .    n - +3 rapier "Vich" {heavy, *Rage rC- Int+5 Dex+8}
rCold   x . .      Faith    .    (no shield)
rNeg    . . .      Spirit   .    b - +0 robe
rPois   .          Reflect  .    (helmet restricted)
rElec   .          Rampage  .    t - +1 cloak {Stlth+}
rCorr   .          Rage     20%  (gloves unavailable)
Will    +....                    (boots unavailable)
Stlth   ++                       (no amulet)
HPRegen 0.40/turn                s - +5 ring of evasion
MPRegen 0.19/turn                p - +6 ring of strength

@: no status effects
A: large, unfitting armour, tough skin 1
a: Renounce Religion, Fiery Armour, Foxfire Swarm, Rising Flame


You were on level 9 of the Dungeon.
You worshipped Ignis.
Ignis was most pleased with you.
You visited 1 branch of the dungeon, and saw 9 of its levels.
You also visited: Ossuary and Bailey.

You collected 561 gold pieces.

Inventory:

Hand Weapons
 n - the +3 rapier "Vich" (weapon) {heavy, *Rage rC- Int+5 Dex+8}
   (You found it on level 3 of the Dungeon)

   Int:       It affects your intelligence (+5).
   Dex:       It affects your dexterity (+8).
   rC:        It makes you vulnerable to cold.
   *Rage:     It berserks you when you make melee attacks (+20% chance).
 q - a +1 flail of protection
 z - a +1 morningstar of protection
 C - a +2 flail
Missiles
 m - 12 large rocks
Armour
 b - a +0 robe (worn)
 t - a +1 cloak of stealth (worn)
Magical Staves
 J - a staff of conjuration
Jewellery
 e - a ring of willpower
 p - a +6 ring of strength (right hand)
 s - a +5 ring of evasion (left hand)
 K - an amulet of faith
Wands
 a - a wand of polymorph (17)
 w - a wand of mindburst (17)
 x - a wand of flame (13)
 y - a wand of acid (20)
 L - a wand of iceblast (3)
Scrolls
 f - 4 scrolls of poison
 l - 2 scrolls of amnesia
 o - 5 scrolls of teleportation
 A - 2 scrolls of enchant weapon
 B - a scroll of silence
 G - 3 scrolls of enchant armour
 H - 9 scrolls of summoning
 I - a scroll of brand weapon
 M - a scroll of fog
Potions
 c - 4 potions of might
 d - 3 potions of attraction
 g - a potion of flight
 h - a potion of lignification {unknown}
 i - a potion of ambrosia
 j - 10 potions of curing
 k - a potion of brilliance
 r - 2 potions of cancellation {unknown}
 u - 8 potions of heal wounds
 v - 2 potions of mutation {unknown}
 D - 3 potions of haste {unknown}
 E - a potion of invisibility {unknown}
 F - 3 potions of resistance {unknown}


   Skills:
 + Level 11.7 Fighting
 + Level 7.3 Short Blades
 + Level 4.3 Maces & Flails
 + Level 1.0 Throwing
 + Level 9.3 Spellcasting
 + Level 8.3 Fire Magic


You had 26 spell levels left.
You knew the following spells:

 Your Spells              Type           Power      Damage    Failure   Level
a - Scorch                Fire           100%       2d9       1%          2

Your spell library contained the following spells:

 Spells                   Type           Power      Damage    Failure   Level
 Volatile Blastmotes      Fire/Tloc      62%        2d15      3%          3
 Dazzling Flash           Conj/Hex       22%        N/A       17%         3
 Gell's Gravitas          Tloc           11%        N/A       17%         3
 Teleport Other           Tloc           11%        N/A       17%         3
 Animate Dead             Necr           11%        N/A       50%         4
 Iskenderun's Mystic Bla  Conj/Tloc      11%        2d4       50%         4
 Starburst                Conj/Fire      15%        6d6       85%         6
 Dispersal                Tloc           5%         N/A       100%        6
 Haunt                    Necr/Summ      5%         N/A       100%        7
 Infestation              Necr           5%         N/A       100%        8


Dungeon Overview and Level Annotations

Branches:
Dungeon (9/15)             Temple (0/1) D:6         Ossuary (visited)
 Bailey (visited)
   Lair: D:8-11         Orc: D:9-12

Altars:
Kikubaaqudgha

Annotations:
D:5 2 transporters, funkygono's ghost, amateur MiFi


Innate Abilities, Weirdness & Mutations

You are too large for most types of armour.
You have tough skin. (AC +1)


Message History

The entropy weaver hits you! The entropy weaver closely misses you.
The entropy weaver hits you. The entropy weaver closely misses you.
Flames lash the entropy weaver.
The entropy weaver is burned terribly!
The entropy weaver is moderately wounded.
The entropy weaver hits you but does no damage. x3
The entropy weaver completely misses you.
Flames lash the entropy weaver.
The entropy weaver is burned terribly!
The entropy weaver is heavily wounded.
The entropy weaver hits you. The entropy weaver hits you!
The entropy weaver hits you.
The entropy weaver hits you but does no damage.
You are too injured to fight recklessly!
Casting: Scorch (safe; 1% risk of failure)
Confirm with . or Enter, or press ? or * to list all spells.
Flames lash the entropy weaver.
The entropy weaver is burned terribly!
The entropy weaver is severely wounded.
The entropy weaver hits you.
The entropy weaver hits you but does no damage.
The entropy weaver hits you! x2
Casting: Scorch (safe; 1% risk of failure)
Confirm with . or Enter, or press ? or * to list all spells.
Flames lash the entropy weaver.
The entropy weaver is burned terribly!
The entropy weaver is severely wounded.
The entropy weaver hits you but does no damage.
The entropy weaver misses you. The entropy weaver hits you.
* * * LOW HITPOINT WARNING * * *
The entropy weaver misses you.
Casting: Scorch (safe; 1% risk of failure)
Confirm with . or Enter, or press ? or * to list all spells.
Flames lash the entropy weaver.
The entropy weaver is burned terribly!
The entropy weaver is almost dead.
The entropy weaver closely misses you. The entropy weaver hits you!
* * * LOW HITPOINT WARNING * * *
The entropy weaver misses you. The entropy weaver barely misses you.
The entropy weaver hits you but does no damage.
The entropy weaver hits you!
* * * LOW HITPOINT WARNING * * *
The entropy weaver completely misses you.
The entropy weaver hits you!
You die...

#.
#..........###..#....#...
#.
######..........#....#...
#. #.....#.#..#....####
#.....#.##.##.......
#######.....########
######.# #....#
####....#†# #....#
###......†'.###....#
#..@......#..##....#
##B#########.......# #.u
####..<.. +.. #.....> #.#
####...... ## #.........
#......... #....#####
#....#


You could see an entropy weaver (combustible) and a green ugly thing
(combustible).

Vanquished Creatures
  A two-headed ogre (D:8)
  An orc knight (Bailey)
  2 cyclopes (D:9)
  An unseen horror (D:9)
  2 unseen horror zombies (D:8)
  A polar bear (shapeshifter) (D:9)
  Grinder (D:3)
  2 wyverns
  A steam dragon (D:9)
  3 water moccasins
  An ice beast (D:7)
  12 orc warriors
  2 sky beasts
  A hornet zombie (D:8)
  2 phantoms
  2 ogres (D:5)
  A centaur (D:9)
  A kobold brigand (D:9)
  6 bullfrogs
  Blork the orc (D:6)
  A gnoll sergeant (D:5)
  2 scorpions
  8 wights (D:8)
  9 killer bees (D:9)
  3 centaur zombies
  6 orc priests
  2 gnoll boudas
  3 sleepcaps
  5 hounds
  Crazy Yiuf (D:3)
  4 iguanas
  4 orc wizards
  4 mummies (Ossuary)
  A howler monkey zombie (D:8)
  13 gnolls
  6 adders
  4 shadow imps (D:7)
  A white imp (D:5)
  An ufetubus (D:5)
  A worm (D:4)
  A dart slug (D:5)
  51 orcs
  8 ball pythons
  7 endoplasms
  3 giant cockroaches
  10 goblins
  9 hobgoblins
  4 jackals (D:1)
  10 kobolds
  3 quokkas (D:1)
  5 bats
  A frilled lizard (D:2)
  A hobgoblin zombie (Ossuary)
  3 kobold zombies (Ossuary)
  3 orc zombies (Ossuary)
  2 rats
244 creatures vanquished.

Vanquished Creatures (collateral kills)
  A foxfire (Bailey)
1 creature vanquished.

Vanquished Creatures (others)
  64 foxfires (Bailey)
  A fungus (D:3)
  6 withered plants (D:8)
71 creatures vanquished.

Grand Total: 316 creatures vanquished

Notes
Turn   | Place    | Note
-------+----------+-------------------------------------------
     0 | D:1      | senseless the Ogre Cinder Acolyte began the quest for the
                  | Orb.
     0 | D:1      | Reached XP level 1. HP: 24/24 MP: 2/2
   184 | D:1      | Reached XP level 2. HP: 32/32 MP: 2/4
   584 | D:1      | Reached XP level 3. HP: 39/40 MP: 5/5
   587 | D:1      | Learned a level 2 spell: Scorch
  1371 | D:2      | Reached XP level 4. HP: 41/49 MP: 0/7
  2449 | D:2      | Reached skill level 5 in Fighting
  2623 | D:3      | Reached XP level 5. HP: 38/57 MP: 0/9
  3008 | D:3      | Identified the +3 rapier "Vich" {heavy, *Rage rC- Int+5
                  | Dex+8}
  3060 | D:3      | Noticed Grinder
  3069 | D:3      | Killed Grinder
  3070 | D:3      | Reached skill level 1 in Short Blades
  3070 | D:3      | Reached XP level 6. HP: 24/67 MP: 2/11
  3640 | D:3      | Found a runed translucent door.
  3641 | D:3      | Noticed Crazy Yiuf
  3693 | D:3      | Killed Crazy Yiuf
  3805 | D:4      | Reached skill level 6 in Fighting
  4078 | D:4      | Found a sand-covered staircase.
  4098 | Ossuary  | Entered an ossuary
  4149 | Ossuary  | Reached XP level 7. HP: 75/75 MP: 1/12
  5608 | D:5      | Entered Level 5 of the Dungeon
  5835 | D:5      | Reached skill level 7 in Fighting
  5835 | D:5      | Reached XP level 8. HP: 72/87 MP: 0/15
  5995 | D:5      | HP: 3/87 [gnoll sergeant/+0 trident (12)]
  6497 | D:5      | Found a transporter.
  6499 | D:5      | Found a transporter.
  6499 | D:5      | Noticed funkygono's ghost (amateur MiFi)
  6501 | D:5      | Identified the +10 great mace "Teric" {holy, rElec rPois
                  | rCorr}
  6574 | D:5      | Reached skill level 5 in Spellcasting
  6637 | D:5      | Reached skill level 5 in Fire Magic
  7650 | D:6      | Reached skill level 8 in Fighting
  7932 | D:6      | Found a staircase to the Ecumenical Temple.
  7993 | D:6      | Noticed Blork the orc
  8000 | D:6      | Killed Blork the orc
  8228 | D:6      | Reached XP level 9. HP: 96/96 MP: 7/18
  8854 | D:7      | Reached skill level 9 in Fighting
  8870 | D:7      | Reached skill level 5 in Short Blades
  8892 | D:7      | Found a flagged portal.
  8902 | Bailey   | Entered a bailey
  9603 | Bailey   | Noticed an orc knight
  9668 | Bailey   | Killed an orc knight
  9669 | Bailey   | Reached skill level 10 in Fighting
  9669 | Bailey   | Reached XP level 10. HP: 10/110 MP: 3/21
 11043 | D:8      | Found an ancient bone altar of Kikubaaqudgha.
 11044 | D:8      | Noticed a two-headed ogre
 11087 | D:8      | Killed a two-headed ogre
 11088 | D:8      | Reached skill level 11 in Fighting
 12574 | D:9      | Reached XP level 11. HP: 120/120 MP: 16/23
 12864 | D:9      | Noticed a cyclops
 12876 | D:9      | Killed a cyclops
 13348 | D:9      | Noticed a cyclops
 13364 | D:9      | Killed a cyclops
 13365 | D:9      | Reached skill level 1 in Throwing
 13473 | D:9      | Noticed an entropy weaver
 13473 | D:9      | Noticed a green ugly thing
 13483 | D:9      | Slain by an entropy weaver (shapeshifter)

Illustrated notes

Levels and vault maps discovered:
D:1:      ebering_hopf_link, layout_basic, fountainhead
D:2:      layout_loops_corners, minmay_tromino_v4_a
D:3:      layout_loops_cross, uniq_grinder, uniq_crazy_yiuf_cottage
D:4:      layout_layer_cave, nicolae_ossuary_entry_false_entrances
D:5:      layout_basic, gammafunk_ghost_smash
D:6:      layout_gridville, minmay_temple_entry_drinking_statues,
          solitary_fountain, uniq_blork_the_orc
D:7:      layout_loops_cross, enter_bailey_3
D:8:      layout_basic, mainiacjoe_overflow_chevrons, serial_undead,
          serial_undead_f, serial_undead_b, serial_undead_c, serial_undead_b,
          serial_undead_d
D:9:      minmay_sliced_demisemicircle, layout_basic

Skill      XL: |  1  2  3  4  5  6  7  8  9 10 11 |
---------------+----------------------------------+-----
Maces & Flails | 3 4 |  4.3
Fire Magic     | 3 4 5 7 8 |  8.3
Spellcasting   | 2 3 4 6 7 8 9 |  9.3
Fighting       | 5 6 7 8 10 11 | 11.7
Short Blades   | 1 2 3 4 6 7 |  7.3
Throwing       | 1 |  1.0

Action                     |  1- 3 |  4- 6 |  7- 9 | 10-12 || total
---------------------------+-------+-------+-------+-------++-------
  Melee: Mace              |    85 |     9 |       |       ||    94
         Rapier            |       |    12 |    36 |     4 ||    52
         Punch             |       |       |     1 |       ||     1
   Cast: Scorch            |    13 |    52 |   199 |   184 ||   448
 Invoke: Foxfire Swarm     |       |       |     4 |       ||     4
    Use: Scroll            |       |    10 |     6 |       ||    16
 Armour: Robe              |    42 |    18 |    16 |    28 ||   104
  Dodge: Dodged            |    52 |    19 |    97 |    95 ||   263

Table legend: (Time is in decaauts)
 A = Elapsed time spent in this place.
 B = Non-inter-level travel time spent in this place.
 C = Inter-level travel time spent in this place.
 D = Time resting spent in this place.
 E = Time spent auto-exploring this place.
 F = Levels seen in this place.
 G = Mean time per level.
                   A        B        C        D        E       F      G
               +--------+--------+--------+--------+--------+-----+--------+
         Total |  13595 |  12996 |    599 |   1599 |   9778 |  11 | 1235.9 |
       Dungeon |  11899 |  11300 |    599 |    855 |   9055 |   9 | 1322.1 |
       Ossuary |    574 |    574 |      0 |     53 |    448 |   1 |  574.0 |
        Bailey |   1122 |   1122 |      0 |    689 |    275 |   1 | 1122.0 |
               +--------+--------+--------+--------+--------+-----+--------+

Top non-repeatable levels by time:
     D:4: 1595 daAuts
     D:5: 1542 daAuts
     D:2: 1495 daAuts
     D:8: 1432 daAuts
     D:9: 1430 daAuts
     D:3: 1296 daAuts
     D:7: 1153 daAuts
  Bailey: 1122 daAuts
     D:1: 1106 daAuts
     D:6: 846 daAuts
 Ossuary: 574 daAuts
